 Dungeon Crawl Stone Soup version 0.27-a0-1322-gfdffb62a71 (webtiles) character file.

Game seed: 3748304125757468538

21 dankmaymays the Ducker (level 2, 0/14 HPs)
             Began as a Spriggan Gladiator on June 22, 2021.
             Slain by a jackal (1 damage)
             ... on level 1 of the Dungeon.
             The game lasted 00:02:53 (860 turns).

dankmaymays the Ducker (Spriggan Gladiator)          Turns: 860, Time: 00:02:54

Health: 0/14       AC:  2    Str: 10    XL:     2   Next: 62%
Magic:  3/3        EV: 18    Int:  9    God:
Gold:   36         SH:  0    Dex: 16    Spells: 1/1 levels left

rFire    . . .     SeeInvis +   a - +0 quarterstaff
rCold    . . .     Faith    .   (shield currently unavailable)
rNeg     . . .     Spirit   .   f - +0 robe
rPois    .         Reflect  .   c - +0 hat
rElec    .         Harm     .   (no cloak)
rCorr    .         Rampage  .   (gloves unavailable)
Will     .....                  (boots unavailable)
Stlth    +.........             (no amulet)
HPRegen  0.04/turn              (no ring)
MPRegen  0.08/turn              (no ring)

@: mighty, very quick
A: very small, no large weapons, unfitting armour, see invisible, speed 3
a: no special abilities


You were on level 1 of the Dungeon.
You visited 1 branch of the dungeon, and saw 1 of its levels.

You collected 36 gold pieces.

Inventory:

Hand Weapons
 a - a +0 quarterstaff (weapon)
 b - a +1 dagger of venom
Missiles
 d - 3 throwing nets (quivered)
Armour
 c - a +0 hat (worn)
 f - a +0 robe (worn)
Scrolls
 g - a scroll of identify {unknown}
 h - 2 scrolls of amnesia {unknown}
 i - a scroll of teleportation {unknown}


   Skills:
 - Level 1.5 Fighting
 + Level 3.0 Staves
 - Level 2.0 Throwing
 - Level 4.0 Dodging


You had one spell level left.
You didn't know any spells.
Your spell library was empty.

Dungeon Overview and Level Annotations

Branches:
Dungeon (1/15)

Altars:


Innate Abilities, Weirdness & Mutations

You are very small and have problems with some larger weapons.
You are too small for most types of armour.
You have supernaturally acute eyesight. (SInv)
You cover ground extremely quickly. (Speed+++)


Message History

You kill the kobold!
The giant cockroach misses you.
You hit the giant cockroach but do no damage.
The giant cockroach is moderately wounded.
The giant cockroach closely misses you.
You hit the giant cockroach.
You kill the giant cockroach!
Items here: ( )) †.
The frilled lizard hisses angrily.
The frilled lizard hisses.
The goblin shouts!
You hear a bark! 4 jackals come into view.
The jackal barks! x4
You hit the quokka but do no damage. The quokka bites you.
You are too injured to fight recklessly!
The frilled lizard misses you.
The frilled lizard hisses.
The frilled lizard hisses.
You start resting.
A quokka is nearby!
You barely miss the quokka. The quokka misses you.
You completely miss the quokka. The quokka closely misses you.
The quokka bites you.
You miss the quokka. The quokka closely misses you.
You miss the quokka. The quokka bites you.
You hit the quokka.
The quokka is heavily wounded.
The quokka bites you.
* * * LOW HITPOINT WARNING * * *
The quokka barely misses you.
You sock the quokka!
You kill the quokka!
The jackal misses you.
Your Staves skill increases to level 3!
You barely miss the jackal. The jackal barely misses you.
It was a potion of might.
You feel very mighty all of a sudden. The jackal barely misses you.
The jackal misses you.
You hit the jackal but do no damage. The jackal bites you.
You die...

#..........
#..........# # ##
...##...##..# .. .
.....>......# #. .#
#..####.#.... ..
..##....##.#.... #.
#....##.##.#..##
#..####.........#..#
#..@hlg..........##
######..........####
#.........[....###.
#..................
#.............#.###
#....##......##.###
#..................
#.........#.....###
#....##....)..#.#


You could see a jackal, a goblin and a frilled lizard.

Vanquished Creatures
  A ball python (D:1)
  2 endoplasms (D:1)
  2 giant cockroaches (D:1)
  5 goblins (D:1)
  A hobgoblin (D:1)
  2 quokkas (D:1)
  A bat (D:1)
  A kobold (D:1)
  2 rats (D:1)
17 creatures vanquished.

Notes
Turn   | Place    | Note
-------+----------+-------------------------------------------
     0 | D:1      | dankmaymays the Spriggan Gladiator began the quest for the
                  | Orb.
     0 | D:1      | Reached XP level 1. HP: 10/10 MP: 2/2
   227 | D:1      | Reached XP level 2. HP: 14/14 MP: 3/3
   860 | D:1      | Slain by a jackal

Illustrated notes

Levels and vault maps discovered:
D:1:      dpeg_arrival_connections, layout_rooms, minmay_heptomino_l4

Skill      XL: |  1  2 |
---------------+-------+-----
Staves         | 3 |  3.0
Fighting       | |  1.5
Throwing       | |  2.0
Dodging        | |  4.0

Action                   || total
-------------------------++-------
Melee: Quarterstaff      ||    55
  Use: Potion            ||     1
 Stab: Sleeping          ||     1
Armor: Robe              ||     4
Dodge: Dodged            ||    49

Table legend: (Time is in decaauts)
 A = Elapsed time spent in this place.
 B = Non-inter-level travel time spent in this place.
 C = Inter-level travel time spent in this place.
 D = Time resting spent in this place.
 E = Time spent auto-exploring this place.
 F = Levels seen in this place.
 G = Mean time per level.
                   A        B        C        D        E       F      G
               +--------+--------+--------+--------+--------+-----+--------+
         Total |    777 |    777 |      0 |    485 |    135 |   1 |  777.0 |
       Dungeon |    777 |    777 |      0 |    485 |    135 |   1 |  777.0 |
               +--------+--------+--------+--------+--------+-----+--------+

Top non-repeatable levels by time:
     D:1: 777 daAuts
